TOP OF THE 1ST |
Amity Gardens Westerners batting - Pitching for Fort Collins Commoners : RHP Pete O'Connor
|
Pitching: RHP Pete O'Connor
|
|
Batting: RHB Júlio Castillo
|
0-0: Ball 1-0: Foul Ball, location: 2F 1-1: Ground out 6-3 (Groundball, 6)
|
Batting: LHB Eddie Nealon
|
0-0: Ball 1-0: Called Strike 1-1: Ball 2-1: Swinging Strike 2-2: Fly out, F8 (Flyball, 8LS)
|
Batting: RHB Millard Cummings
|
0-0: Ground out 4-3 (Groundball, 4M)
|
Top of the 1st over - 0 runs, 0 hits, 0 errors, 0 left on base; Amity Gardens 0 - Fort Collins 0 |
BOTTOM OF THE 1ST |
Fort Collins Commoners batting - Pitching for Amity Gardens Westerners : LHP Manuel Carrión
|
Pitching: LHP Manuel Carrión
|
|
Batting: RHB Viriato Valdez
|
0-0: SINGLE (Line Drive, 8LS)
|
Batting: RHB José González
|
0-0: Swinging Strike Viriato Valdez steals 2nd base 0-1: Swinging Strike 0-2: Fly out, F5 (Line Drive, 5)
|
Batting: RHB António Díaz
|
0-0: Swinging Strike 0-1: TRIPLE (Flyball, 78XD) Viriato Valdez scores
|
Batting: RHB David Brady
|
0-0: Called Strike 0-1: DOUBLE (Line Drive, 8RD) António Díaz scores
|
Batting: LHB Vernon Riley
|
0-0: Called Strike 0-1: Ball 1-1: Ball 2-1: Foul Ball, location: 2F 2-2: Ball 3-2: Strikes out swinging
|
Batting: RHB Mike Harris
|
0-0: Ball 1-0: Swinging Strike 1-1: Called Strike 1-2: Foul Ball, location: 2F 1-2: Ball 2-2: Strikes out swinging
|
Bottom of the 1st over - 2 runs, 3 hits, 0 errors, 1 left on base; Amity Gardens 0 - Fort Collins 2 |
TOP OF THE 2ND |
Amity Gardens Westerners batting - Pitching for Fort Collins Commoners : RHP Pete O'Connor
|
Batting: RHB Bill Starr
|
0-0: Foul Ball, location: 2F 0-1: Ball 1-1: Ball 2-1: Ball 3-1: Ground out 4-3 (Groundball, 4M)
|
Batting: LHB Jack Mitchell
|
0-0: Ball 1-0: Ball 2-0: Foul Ball, location: 2F 2-1: Ball 3-1: Fly out, F5 (Line Drive, 56)
|
Batting: RHB Iván Ramón
|
0-0: Ball 1-0: Ball 2-0: Ball 3-0: Base on Balls
|
Batting: SHB Howard Romero
|
0-0: Ball 1-0: Called Strike 1-1: Ball 2-1: Foul Ball, location: 2F 2-2: Ground out U3 (Groundball, 3L)
|
Top of the 2nd over - 0 runs, 0 hits, 0 errors, 1 left on base; Amity Gardens 0 - Fort Collins 2 |
BOTTOM OF THE 2ND |
Fort Collins Commoners batting - Pitching for Amity Gardens Westerners : LHP Manuel Carrión
|
Batting: LHB Tony Chávez
|
0-0: Ball 1-0: Ball 2-0: Called Strike 2-1: Called Strike 2-2: Foul Ball, location: 2F 2-2: Ball 3-2: Strikes out swinging
|
Batting: RHB Arturo Chávez
|
0-0: Ball 1-0: Ball 2-0: Ball 3-0: Base on Balls
|
Batting: RHB Lorenzo Oríz
|
0-0: Called Strike 0-1: Fly out, F7 (Flyball, 7LS)
|
Batting: RHB Viriato Valdez
|
0-0: Ball 1-0: Fly out, F9 (Flyball, 9S)
|
Bottom of the 2nd over - 0 runs, 0 hits, 0 errors, 1 left on base; Amity Gardens 0 - Fort Collins 2 |
TOP OF THE 3RD |
Amity Gardens Westerners batting - Pitching for Fort Collins Commoners : RHP Pete O'Connor
|
Batting: RHB Alfredo Medina
|
0-0: Ball 1-0: Ground out 4-3 (Groundball, 4M)
|
Batting: RHB Jorge García
|
0-0: Called Strike 0-1: Called Strike 0-2: Strikes out swinging
|
Batting: RHB Júlio Castillo
|
0-0: Ball 1-0: Foul Ball, location: 2F 1-1: Foul Ball, location: 2F 1-2: Foul Ball, location: 2F 1-2: Foul Ball, location: 2F 1-2: Fly out, F7 (Flyball, 7)
|
Top of the 3rd over - 0 runs, 0 hits, 0 errors, 0 left on base; Amity Gardens 0 - Fort Collins 2 |
BOTTOM OF THE 3RD |
Fort Collins Commoners batting - Pitching for Amity Gardens Westerners : LHP Manuel Carrión
|
Batting: RHB José González
|
0-0: Ground out 5-3 (Groundball, 56S)
|
Batting: RHB António Díaz
|
0-0: Called Strike 0-1: Swinging Strike 0-2: Ball 1-2: Strikes out swinging
|
Batting: RHB David Brady
|
0-0: Foul Ball, location: 2F 0-1: Ball 1-1: Fly out, F8 (Flyball, 8RS)
|
Bottom of the 3rd over - 0 runs, 0 hits, 0 errors, 0 left on base; Amity Gardens 0 - Fort Collins 2 |
TOP OF THE 4TH |
Amity Gardens Westerners batting - Pitching for Fort Collins Commoners : RHP Pete O'Connor
|
Batting: LHB Eddie Nealon
|
0-0: Called Strike 0-1: Swinging Strike 0-2: Strikes out swinging
|
Batting: RHB Millard Cummings
|
0-0: Foul Ball, location: 2F 0-1: Ball 1-1: Called Strike 1-2: Ball 2-2: Fly out, F8 (Flyball, 78D)
|
Batting: RHB Bill Starr
|
0-0: Reached on error, E7 (Flyball, 7S)
|
Batting: LHB Jack Mitchell
|
0-0: Called Strike 0-1: Ball 1-1: Foul Ball, location: 2F 1-2: Strikes out swinging
|
Top of the 4th over - 0 runs, 0 hits, 1 error, 1 left on base; Amity Gardens 0 - Fort Collins 2 |
BOTTOM OF THE 4TH |
Fort Collins Commoners batting - Pitching for Amity Gardens Westerners : LHP Manuel Carrión
|
Batting: LHB Vernon Riley
|
0-0: Swinging Strike 0-1: Ball 1-1: Ball 2-1: Foul Ball, location: 2F 2-2: Strikes out looking
|
Batting: RHB Mike Harris
|
0-0: Foul Ball, location: 2F 0-1: Ball 1-1: Swinging Strike 1-2: Ball 2-2: Ball 3-2: Foul Ball, location: 2F 3-2: Base on Balls
|
Batting: LHB Tony Chávez
|
0-0: Ball 1-0: Called Strike 1-1: Ball 2-1: Foul Ball, location: 2F 2-2: SINGLE (Flyball, 8LS) Mike Harris to second
|
Batting: RHB Arturo Chávez
|
0-0: Foul Ball, location: 2F 0-1: Called Strike 0-2: Ball 1-2: Strikes out swinging
|
Batting: RHB Lorenzo Oríz
|
0-0: Ball 1-0: Foul Ball, location: 2F 1-1: Called Strike 1-2: Strikes out swinging
|
Bottom of the 4th over - 0 runs, 1 hit, 0 errors, 2 left on base; Amity Gardens 0 - Fort Collins 2 |
TOP OF THE 5TH |
Amity Gardens Westerners batting - Pitching for Fort Collins Commoners : RHP Pete O'Connor
|
Batting: RHB Iván Ramón
|
0-0: Ball 1-0: Fly out, F9 (Flyball, 9)
|
Batting: SHB Howard Romero
|
0-0: Called Strike 0-1: Ball 1-1: Ball 2-1: Ball 3-1: SINGLE (Groundball, 4) (infield hit)
|
Batting: RHB Alfredo Medina
|
0-0: Called Strike Howard Romero steals 2nd base 0-1: Called Strike 0-2: Strikes out swinging
|
Batting: RHB Jorge García
|
0-0: Swinging Strike 0-1: Ball 1-1: Ball 2-1: Ball 3-1: Foul Ball, location: 2F 3-2: Foul Ball, location: 2F 3-2: Foul Ball, location: 2F 3-2: Strikes out looking
|
Top of the 5th over - 0 runs, 1 hit, 0 errors, 1 left on base; Amity Gardens 0 - Fort Collins 2 |
BOTTOM OF THE 5TH |
Fort Collins Commoners batting - Pitching for Amity Gardens Westerners : LHP Manuel Carrión
|
Batting: RHB Viriato Valdez
|
0-0: Called Strike 0-1: Ball 1-1: SINGLE (Groundball, 4D)
|
Batting: RHB José González
|
0-0: Ball Passed Ball! Viriato Valdez to second 1-0: Ground out 6-3 (Groundball, 6)
|
Pitching: RHP Philip Kisslinger
|
|
Batting: RHB António Díaz
|
0-0: Ground out 3-1 (Groundball, 34) Viriato Valdez to third
|
Batting: RHB David Brady
|
0-0: Called Strike 0-1: Called Strike 0-2: Strikes out looking
|
Bottom of the 5th over - 0 runs, 1 hit, 0 errors, 1 left on base; Amity Gardens 0 - Fort Collins 2 |
TOP OF THE 6TH |
Amity Gardens Westerners batting - Pitching for Fort Collins Commoners : RHP Pete O'Connor
|
Batting: RHB Júlio Castillo
|
0-0: Ball 1-0: Ground out 6-3 (Groundball, 6)
|
Batting: LHB Eddie Nealon
|
0-0: Ball 1-0: Foul Ball, location: 2F 1-1: TRIPLE (Flyball, 8RXD)
|
Batting: RHB Millard Cummings
|
0-0: Called Strike 0-1: Fly out, F6 (Line Drive, 6)
|
Batting: RHB Bill Starr
|
0-0: Called Strike 0-1: Ground out 3-1 (Groundball, 34)
|
Top of the 6th over - 0 runs, 1 hit, 0 errors, 1 left on base; Amity Gardens 0 - Fort Collins 2 |
BOTTOM OF THE 6TH |
Fort Collins Commoners batting - Pitching for Amity Gardens Westerners : RHP Philip Kisslinger
|
Batting: LHB Vernon Riley
|
0-0: Ball 1-0: Ball 2-0: Foul Ball, location: 2F 2-1: Swinging Strike 2-2: Fly out, F8 (Flyball, 8LD)
|
Batting: RHB Mike Harris
|
0-0: Called Strike 0-1: Ball 1-1: Called Strike 1-2: Ground out 6-3 (Groundball, 6)
|
Batting: LHB Tony Chávez
|
0-0: Ball 1-0: Called Strike 1-1: Swinging Strike 1-2: Fly out, F7 (Line Drive, 7)
|
Bottom of the 6th over - 0 runs, 0 hits, 0 errors, 0 left on base; Amity Gardens 0 - Fort Collins 2 |
TOP OF THE 7TH |
Amity Gardens Westerners batting - Pitching for Fort Collins Commoners : RHP Pete O'Connor
|
Batting: LHB Jack Mitchell
|
0-0: Swinging Strike 0-1: Foul Ball, location: 2F 0-2: Ball 1-2: Strikes out swinging, 2-3 out at first.
|
Batting: RHB Iván Ramón
|
0-0: Ball 1-0: SINGLE (Groundball, 56D)
|
Batting: SHB Howard Romero
|
0-0: Foul Ball, location: 2F 0-1: Called Strike 0-2: Ball 1-2: Foul Ball, location: 2F 1-2: Ball 2-2: Foul Ball, location: 2F 2-2: Ball 3-2: Fly out, F3 (Line Drive, 34)
|
Batting: RHB Alfredo Medina
|
0-0: Swinging Strike 0-1: Ball 1-1: Swinging Strike 1-2: Strikes out swinging
|
Top of the 7th over - 0 runs, 1 hit, 0 errors, 1 left on base; Amity Gardens 0 - Fort Collins 2 |
BOTTOM OF THE 7TH |
Fort Collins Commoners batting - Pitching for Amity Gardens Westerners : RHP Philip Kisslinger
|
Batting: RHB Arturo Chávez
|
0-0: Foul Ball, location: 2F 0-1: Fly out, F8 (Flyball, 8RD)
|
Batting: RHB Lorenzo Oríz
|
0-0: Ball 1-0: Called Strike 1-1: Ball 2-1: Fly out, F9 (Flyball, 9S)
|
Batting: RHB Viriato Valdez
|
0-0: Fly out, F8 (Flyball, 8RS)
|
Bottom of the 7th over - 0 runs, 0 hits, 0 errors, 0 left on base; Amity Gardens 0 - Fort Collins 2 |
TOP OF THE 8TH |
Amity Gardens Westerners batting - Pitching for Fort Collins Commoners : RHP Pete O'Connor
|
Batting: RHB Jorge García
|
0-0: Called Strike 0-1: Ball 1-1: Ball 2-1: Called Strike 2-2: Strikes out swinging
|
Batting: RHB Júlio Castillo
|
0-0: Ball 1-0: Ball 2-0: DOUBLE (Line Drive, 9LM)
|
Batting: LHB Eddie Nealon
|
0-0: Called Strike 0-1: SINGLE (Groundball, 56D) Júlio Castillo to third Runner from 3rd tries for Home, SAFE, throw made home
|
Pitching: RHP Vicente Castro
|
|
Batting: RHB Millard Cummings
|
0-0: Ball 1-0: SINGLE (Line Drive, 6M) Eddie Nealon to second
|
Batting: RHB Bill Starr
|
0-0: Called Strike 0-1: Ball Wild Pitch! Eddie Nealon to third Millard Cummings to second 1-1: Ball 2-1: Foul Ball, location: 2F 2-2: Foul Ball, location: 2F 2-2: Strikes out swinging
|
Pitching: LHP Emílio De Jesús
|
|
Batting: LHB Jack Mitchell
|
0-0: Ball 1-0: Called Strike 1-1: Called Strike 1-2: Ball 2-2: Strikes out swinging
|
Top of the 8th over - 1 run, 3 hits, 0 errors, 2 left on base; Amity Gardens 1 - Fort Collins 2 |
BOTTOM OF THE 8TH |
Fort Collins Commoners batting - Pitching for Amity Gardens Westerners : RHP Philip Kisslinger
|
Batting: RHB José González
|
0-0: Ground out 6-3 (Groundball, 4M)
|
Batting: RHB António Díaz
|
0-0: Foul Ball, location: 2F 0-1: Foul Ball, location: 2F 0-2: Hit by Pitch
|
Batting: RHB David Brady
|
0-0: Swinging Strike 0-1: SINGLE (Line Drive, 4D) António Díaz to second Runner from 2nd tries for 3rd, SAFE, no throw
|
Batting: LHB Vernon Riley
|
0-0: Grounds into double play, 6-4-3 (Groundball, 6)
|
Bottom of the 8th over - 0 runs, 1 hit, 0 errors, 1 left on base; Amity Gardens 1 - Fort Collins 2 |
TOP OF THE 9TH |
Amity Gardens Westerners batting - Pitching for Fort Collins Commoners : LHP Emílio De Jesús
|
Pitching: RHP Alfredo Escamilla
|
|
Now at 1B: José Méndez
|
|
Now at 2B: David Gómez
|
|
Now in LF: José Fernández
|
|
Pinch Hitting: RHB Carlos Dumenigo
|
0-0: Hit by Pitch
|
Batting: SHB Howard Romero
|
0-0: Ball 1-0: Called Strike 1-1: Ball 2-1: Called Strike 2-2: Ball 3-2: Grounds into double play, 4-6-3 (Groundball, 34D)
|
Batting: RHB Alfredo Medina
|
0-0: Called Strike 0-1: Foul Ball, location: 2F 0-2: Strikes out swinging
|
Top of the 9th over - 0 runs, 0 hits, 0 errors, 0 left on base; Amity Gardens 1 - Fort Collins 2 |
|